 Dungeon Crawl Stone Soup version 0.29.0-4-gdea44cf6ec (webtiles) character file.

Game seed: 13624558544956072967

2 qw the Chopper (level 1, -1/12 HPs)
             Began as a Tengu Warper on Aug 28, 2022.
             Slain by a gnoll
             ... wielding a +0 spear
              (5 damage)
             ... on level 1 of the Dungeon.
             The game lasted 00:00:00 (54 turns).

qw the Chopper (Tengu Warper)                         Turns: 54, Time: 00:00:00

Health: -1/12      AC:  3    Str: 11    XL:     1   Next: 40%
Magic:  4/4        EV: 11    Int: 13    God:
Gold:   0          SH:  0    Dex: 13    Spells: 4/4 levels left

rFire   . . .      SeeInvis .   a - +0 hand axe
rCold   . . .      Faith    .   (no shield)
rNeg    . . .      Spirit   .   b - +0 leather armour
rPois   .          Reflect  .   (helmet restricted)
rElec   .          Harm     .   (no cloak)
rCorr   .          Rampage  .   (no gloves)
Will    .....                   (boots unavailable)
Stlth   +.........              (no amulet)
HPRegen 0.04/turn               (no ring)
MPRegen 0.09/turn               (no ring)

@: no status effects
A: beak, talons 3
a: no special abilities


You were on level 1 of the Dungeon.
You visited 1 branch of the dungeon, and saw 1 of its levels.


Innate Abilities, Weirdness & Mutations

You have a beak for a mouth.
You have claws for feet.


   Skills:
 - Level 2.0 Fighting
 + Level 2.5 Axes
 - Level 1.0 Throwing
 - Level 1.1 Armour
 - Level 2.1 Dodging
 - Level 2.0 Spellcasting
 - Level 2.4 Translocations


You had 4 spell levels left.
You didn't know any spells.
Your spell library contained the following spells:

 Spells                   Type           Power      Damage    Failure   Level
 Blink                    Tloc           14%        N/A       19%         2
 Gell's Gravitas          Tloc           7%         N/A       36%         3
 Lesser Beckoning         Tloc           7%         N/A       36%         3
 Teleport Other           Tloc           7%         N/A       36%         3
 Manifold Assault         Tloc           7%         N/A       98%         5

Inventory:

Hand Weapons
 a - a +0 hand axe (weapon)
Missiles
 d - 6 boomerangs of dispersal (quivered)
Armour
 b - a +0 leather armour (worn)
Scrolls
 c - a scroll of blinking
 f - a scroll of amnesia {unknown}
Potions
 e - a potion of curing {unknown}

Dungeon Overview and Level Annotations

Branches:
Dungeon (1/15)

Altars:


Message History

The heart of this dungeon contains the sublime artefact, the Orb of Zot.
Press ? for a list of commands and other information.
Found a fizzy orange potion.
Found a staircase leading out of the dungeon.
Assign waypoint to what number? (0-9) Waypoint 2 assigned to D:1.
Enter note:
0 ||| PLANNING D:1-11
Found an escape hatch in the floor.
e - a fizzy orange potion
There is an escape hatch in the floor here.
f - a scroll labelled TETIGA PYICAM
Enter note: A quokka comes into view.
Enter note: Throw: 7 boomerangs (disperse)
Press: ? - help, Q - select action Shift-Dir - straight line, f - quokka You throw a boomerang of dispersal.
The boomerang of dispersal hits the quokka.
The quokka blinks!
A gnoll comes into view. It is wielding a +0 spear.
The gnoll shouts!
An endoplasm comes into view.
A bat comes into view.
The endoplasm misses you.
You hit the quokka.
You kill the quokka!
You hit the endoplasm. The endoplasm barely misses you.
You hit the endoplasm. You claw the endoplasm.
You kill the endoplasm!
The bat hits you but does no damage.
The gnoll hits you from afar with a +0 spear!
Ouch! That really hurt!
The bat barely misses you. The gnoll barely misses you.
You hit the gnoll but do no damage. You claw the gnoll.
You peck the gnoll, but do no damage.
The gnoll is heavily wounded.
The bat barely misses you. The gnoll hits you with a +0 spear.
You die...

#.#.#..#..#
#....#.#..#
.........#
.......##
###.......#
#.....b...#
#...g...# #+#
#..@....# #.#
#.".....# #.#
#.#.......# ##.##
#.........#
###...###
#####.#####
#.......# #.#
#.#...#.########.#
.................#
#.......##########


You could see a gnoll and a bat.

Vanquished Creatures
  An endoplasm (D:1)
  A quokka (D:1)
2 creatures vanquished.

Notes
Turn   | Place    | Note
-------+----------+-------------------------------------------
     0 | D:1      | qw the Tengu Warper began the quest for the Orb.
     0 | D:1      | Reached XP level 1. HP: 12/12 MP: 4/4
     0 | D:1      | 0 ||| qw: Version: 0.1-a-89-g26bdef1
     0 | D:1      | 0 ||| qw: Game counter: 1690
     0 | D:1      | 0 ||| qw: Always use a shield: true
     0 | D:1      | 0 ||| qw: God list: Okawaru
     0 | D:1      | 0 ||| qw: Allow faded altars: false
     0 | D:1      | 0 ||| qw: Do Orc after D:15 true
     0 | D:1      | 0 ||| qw: Do second Lair branch before Depths: true
     0 | D:1      | 0 ||| qw: Lair rune preference: random
     0 | D:1      | 0 ||| qw: Plans: Normal
     0 | D:1      | 0 ||| PLANNING D:1-11
    54 | D:1      | Slain by a gnoll

Levels and vault maps discovered:
D:1:      onia_arrival_pyramid, layout_loops_corners,
          shapermc_ecumenical_altar_mp_ritualfount, chequers_avenue

Action                   || total
-------------------------++-------
Melee: Hand axe          ||     3
       Kick              ||     2
       Peck              ||     1
Throw: Boomerang         ||     1
Armor: Leather armour    ||     1
Dodge: Dodged            ||     5

Table legend:
 A = Non-vault XP
 B = Vault XP
 C = Vault XP percentage of total XP
 D = Non-vault monster count
 E = Vault monster count
 F = Vault count percentage of total count
                 A         B        C        D         E       F
            +---------+---------+-------+---------+---------+-------
      Total |       4 |       0 |   0.0 |       2 |       0 |   0.0
            +---------+---------+-------+---------+---------+-------
        D:1 |       4 |       0 |   0.0 |       2 |       0 |   0.0
            +---------+---------+-------+---------+---------+-------
